 Dungeon Crawl Stone Soup version 0.30-a0-451-ge042605de7 (webtiles) character file.

Game seed: 17668806939963666011

116 Lobster4 the Caller (level 5, -4/37 HPs)
             Began as a Human Summoner on Dec 11, 2022.
             Slain by Natasha (6 damage)
             ... on level 3 of the Dungeon.
             The game lasted 00:08:48 (2663 turns).

Lobster4 the Caller (Human Summoner)                Turns: 2663, Time: 00:08:49

Health: -4/37      AC:  2    Str:  8    XL:     5   Next: 21%
Magic:  4/9        EV: 12    Int: 17    God:
Gold:   122        SH:  0    Dex: 14    Spells: 6/9 levels left

rFire   . . .      SeeInvis +    d - staff of cold
rCold   + . .      Faith    .    (no shield)
rNeg    . . .      Spirit   .    c - +0 robe
rPois   .          Reflect  .    (no helmet)
rElec   .          Harm     .    (no cloak)
rCorr   .          Rampage  .    (no gloves)
Will    .....                    (no boots)
Stlth   ++........               (no amulet)
HPRegen 0.26/turn                g - ring of see invisible
MPRegen 0.11/turn                (no ring)

@: no status effects
A: no striking features
a: no special abilities


You were on level 3 of the Dungeon.
You visited 1 branch of the dungeon, and saw 3 of its levels.

You collected 122 gold pieces.

Inventory:

Hand Weapons
 a - a +0 short sword
 b - a +0 sling
 m - a +0 dagger
Missiles
 n - 4 poisoned darts
Armour
 c - a +0 robe (worn)
Magical Staves
 d - a staff of cold (weapon)
Jewellery
 g - a ring of see invisible (left hand)
Scrolls
 e - a scroll of fear {unknown}
 h - a scroll of magic mapping {unknown}
 k - a scroll of brand weapon {unknown}
 p - a scroll of poison {unknown}
Potions
 f - a potion of magic
 i - 3 potions of lignification {unknown}
 j - 3 potions of degeneration {unknown}
 o - a potion of brilliance
 q - 2 potions of heal wounds {unknown}
 r - a potion of flight
 s - 2 potions of haste {unknown}


   Skills:
 + Level 1.2 Fighting
 + Level 0.0 Staves
 + Level 1.5 Armour
 + Level 2.5 Dodging
 + Level 2.5 Stealth
 + Level 2.6 Spellcasting
 * Level 4.6 Summonings
 + Level 0.0 Ice Magic
 + Level 0.0 Evocations


You had 6 spell levels left.
You knew the following spells:

 Your Spells              Type           Power      Damage    Failure   Level
a - Summon Small Mammal   Summ           72%        N/A       2%          1
b - Call Imp              Summ           18%        N/A       4%          2

Your spell library contained the following spells:

 Spells                   Type           Power      Damage    Failure   Level
 Call Canine Familiar     Summ           18%        N/A       8%          3
 Summon Guardian Golem    Hex/Summ       10%        N/A       21%         3
 Summon Lightning Spire   Summ/Air       10%        N/A       56%         4


Dungeon Overview and Level Annotations

Branches:
Dungeon (3/15)

Altars:

Annotations:
D:3 Natasha


Message History

Your quokka closely misses Natasha.
Natasha casts a spell.
Your shadow imp closely misses the white imp.
Unknown command.
You hit Natasha.
Natasha is severely wounded.
Your quokka barely misses Natasha.
Natasha casts a spell.
The white imp gestures at you. The puff of frost hits you. You resist.
Your shadow imp hits the white imp.
You barely miss Natasha.
Natasha is severely wounded.
Your quokka barely misses Natasha.
Natasha claws you.
Your shadow imp closely misses the white imp.
The white imp gestures at you. The puff of frost hits you. You resist.
Your quokka misses Natasha. You hit Natasha.
Natasha is almost dead.
Natasha mumbles some strange words.
Your shadow imp barely misses the white imp.
The white imp barely misses you.
Your quokka closely misses Natasha.
You hit Natasha but do no damage.
Natasha is almost dead.
Natasha claws you.
Your quokka bites Natasha.
Your shadow imp hits the white imp.
The white imp gestures at you. The puff of frost hits you. You resist.
The shadow imp hits you but does no damage.
Natasha stares at your quokka and mumbles some strange words.
Your quokka resists with significant effort.
You barely miss Natasha.
Natasha is almost dead.
Your quokka completely misses Natasha.
Your shadow imp closely misses the white imp.
The white imp gestures at you. The puff of frost hits you. You resist.
The shadow imp gestures at you. Pain shoots through your body!
* * * LOW HITPOINT WARNING * * *
Your quokka bites Natasha.
Natasha claws you.
You die...

####.......#####
# #.......# #
#.......##++# #
#........#~~# #
#.......##~~## #
...######.# wr~#
# .... #r# B~~# #
....######r##~~#
# ..
......5@h#~~# #
.#######5'# #
......55....# #
##..
######......... #
...#
#.#.##.##########
.... #.#.#
#.......## ...#
#.#.# #.#####.##
...l #.#.#
#<......## ...
#.#.# #.########


You could see an iron imp (summoned), Natasha (ally target), a white imp
(summoned), a shadow imp (summoned), a friendly shadow imp (summoned) and 2
friendly quokkas.

Vanquished Creatures
  An orc wizard (D:3)
  A worm (D:2)
  3 ball pythons (D:2)
  2 giant cockroaches (D:1)
  2 goblins (D:2)
  3 hobgoblins (D:1)
  A kobold (D:1)
  2 bats
  A rat (D:3)
16 creatures vanquished.

Vanquished Creatures (collateral kills)
  Jessica (D:2)
  An adder (D:2)
  A dart slug (D:3)
  3 orcs (D:3)
  7 ball pythons
  2 endoplasms (D:1)
  4 hobgoblins
  2 bats (D:2)
  2 frilled lizards
  A goblin (D:1)
  3 kobolds
  5 rats
32 creatures vanquished.

Grand Total: 48 creatures vanquished

Notes
Turn   | Place    | Note
-------+----------+-------------------------------------------
     0 | D:1      | Lobster4 the Human Summoner began the quest for the Orb.
     0 | D:1      | Reached XP level 1. HP: 13/13 MP: 3/3
   403 | D:1      | Reached XP level 2. HP: 18/19 MP: 1/5
   406 | D:1      | Learned a level 2 spell: Call Imp
   913 | D:1      | Reached XP level 3. HP: 25/25 MP: 3/6
  1407 | D:2      | Noticed Jessica
  1412 | D:2      | Killed Jessica
  1413 | D:2      | Reached skill level 1 in Fighting
  1413 | D:2      | Reached skill level 1 in Armour
  1413 | D:2      | Reached XP level 4. HP: 32/32 MP: 2/7
  2437 | D:3      | Reached XP level 5. HP: 37/37 MP: 1/9
  2646 | D:3      | Noticed Natasha
  2663 | D:3      | Slain by Natasha

Illustrated notes

Levels and vault maps discovered:
D:1:      dpeg_arrival_fog, layout_loops_ring, minivault_24
D:2:      layout_basic, minmay_misc_feat_alley, uniq_jessica
D:3:      layout_basic, grunt_temple_overflow_champion_of_chaos,
          amethyst_overflow_temple_binary, serial_glass, glass_columns_b,
          glass_columns_a, gup_sewer_entry_bowl, uniq_natasha

Skill      XL: |  1  2  3 |
---------------+----------+-----
Fighting       | 1 |  1.2
Armour         | 1 |  1.5
Dodging        | |  2.5
Stealth        | |  2.5
Spellcasting   | |  2.6
Summonings     | |  4.6

Action                   |  1- 3 |  4- 6 || total
-------------------------+-------+-------++-------
Melee: Unarmed           |    14 |       ||    14
       Dagger            |     1 |       ||     1
       Short sword       |     1 |    24 ||    25
       Staff             |       |     5 ||     5
 Fire: Sling             |    39 |       ||    39
 Cast: Summon Small Mamm |    52 |    23 ||    75
       Call Imp          |     1 |     7 ||     8
  Use: Scroll            |       |     6 ||     6
 Stab: Sleeping          |     1 |     1 ||     2
Armor: Robe              |    17 |    12 ||    29
Dodge: Dodged            |    49 |    28 ||    77

Table legend: (Time is in decaauts)
 A = Elapsed time spent in this place.
 B = Non-inter-level travel time spent in this place.
 C = Inter-level travel time spent in this place.
 D = Time resting spent in this place.
 E = Time spent auto-exploring this place.
 F = Levels seen in this place.
 G = Mean time per level.
                   A        B        C        D        E       F      G
               +--------+--------+--------+--------+--------+-----+--------+
         Total |   2676 |   2582 |     94 |    109 |   1801 |   3 |  892.0 |
       Dungeon |   2676 |   2582 |     94 |    109 |   1801 |   3 |  892.0 |
               +--------+--------+--------+--------+--------+-----+--------+

Top non-repeatable levels by time:
     D:1: 1257 daAuts
     D:2: 1128 daAuts
     D:3: 290 daAuts
